 Dungeon Crawl Stone Soup version 0.15-a0-2075-ga361405 (webtiles) character file.

476 BluebellGnoll the Basher (level 7, -1/72 HPs)
             Began as an Ogre Hunter on July 14, 2014.
             Was an Initiate of Okawaru.
             Slain by an orc priest
             ... wielding a +0 morningstar
              (7 damage)
             ... on Level 5 of the Dungeon.
             The game lasted 00:18:52 (3822 turns).

BluebellGnoll the Basher (Ogre Hunter)              Turns: 3822, Time: 00:18:52

HP  -1/72        AC  6     Str 19      XL: 7   Next: 10%
MP   7/7         EV 10     Int 11      God: Okawaru [......]
Gold 75          SH  0     Dex 10      Spells:  0 memorised,  6 levels left

rFire  . . .     SeeInvis .     e - +0 whip (pain)
rCold  . . .     Clarity  .     d - +0 animal skin
rNeg   . . .     rCorr    .     (shield restricted)
rPois  .         rRot     .     (helmet restricted)
rElec  .         Spirit   .     t - +1 cloak
SustAb +         Warding  .     (gloves unavailable)
rMut   .         Stasis   .     (boots unavailable)
Gourm  .                        (no amulet)
MR     +....                    r - ring of protection from magic
                                i - ring of sustain abilities

@: somewhat resistant to hostile enchantments, very unstealthy
A: unfitting armour, shaggy fur 1, tough skin 1
a: Renounce Religion


You were on level 5 of the Dungeon.
You worshipped Okawaru.
Okawaru was noncommittal.
You were very hungry.

You visited 1 branch of the dungeon, and saw 5 of its levels.

You collected 135 gold pieces.
You spent 60 gold pieces at shops.

Inventory:

Hand weapons
 a - a +1 club
 e - a +0 whip of pain (weapon)
Missiles
 c - 2 throwing nets
 g - 3 stones (quivered)
 l - 2 large rocks
 n - 10 poisoned needles
Armour
 d - a +0 animal skin (worn)
 t - a +1 cloak (worn)
Magical devices
 u - a wand of slowing (14) {unknown}
Comestibles
 f - 3 meat rations
 j - 4 fruits
 o - a slice of pizza
 v - 2 bread rations
 x - a beef jerky
Scrolls
 h - a scroll of enchant armour
 p - 2 scrolls of remove curse
Jewellery
 i - a ring of sustain abilities (left hand)
 r - a ring of protection from magic (right hand)
Potions
 b - a potion of restore abilities {unknown}
 k - a potion of degeneration {unknown}
 m - 3 potions of magic
 q - 2 potions of curing {unknown}
 s - a potion of heal wounds {unknown}
 z - a potion of might {unknown}


   Skills:
 + Level 5.0 Fighting
 + Level 8.4 Maces & Flails
 - Level 4.3 Throwing
 - Level 1.7 Dodging
 - Level 0.7 Stealth


You had 6 spell levels left.
You didn't know any spells.

Dungeon Overview and Level Annotations

Branches:
Dungeon (5/15)
 Temple: D:4-7

Altars:
Kikubaaqudgha
Okawaru
Vehumet

Shops:
D:4 *


Innate Abilities, Weirdness & Mutations

You are too large for most types of armour.
You have tough skin (AC +1).
You are covered in fur (AC +1).


Message History

The orc priest is severely wounded.
The orc priest hits you with a morningstar!
* * * LOW HITPOINT WARNING * * *
You hit the orc priest.
The orc priest is almost dead.
You closely miss the orc priest.
The orc priest is almost dead.
The orc priest barely misses you.
You hit the orc priest but do no damage.
The orc priest is almost dead.
You hit the orc priest but do no damage.
The orc priest is almost dead.
The orc priest hits you with a morningstar.
* * * LOW HITPOINT WARNING * * *
You hit the orc priest but do no damage.
The orc priest is almost dead.
You hit the orc priest but do no damage.
The orc priest is almost dead.
The orc priest hits you with a morningstar!
You die...

############
#........@)#
##########o#
#<# #.# #.#
#.# #.# #.#
#.#


You could see an orc priest.

Vanquished Creatures
  A phantom (D:4)
  Sigmund (D:3)
  A scorpion (D:4)
  A giant frog zombie (D:4)
  An orc wizard (D:3)
  2 sky beast zombies (D:4)
  Jessica (D:2)
  7 adders
  2 worms (D:3)
  2 iguana skeletons (D:4)
  An ooze (D:1)
  6 orcs
  5 bats
  4 giant cockroaches
  8 hobgoblins
  6 kobolds
  2 quokkas
  5 giant newts
  4 goblins
  An orc skeleton (D:4)
  11 rats
72 creatures vanquished.

Notes
Turn   | Place    | Note
--------------------------------------------------------------
     0 | D:1      | BluebellGnoll, the Ogre Hunter, began the quest for the Orb.
     0 | D:1      | Reached XP level 1. HP: 22/22 MP: 1/1
   108 | D:1      | Reached XP level 2. HP: 21/29 MP: 2/2
   896 | D:1      | Reached XP level 3. HP: 29/36 MP: 3/3
  1217 | D:2      | Reached XP level 4. HP: 33/44 MP: 4/4
  1237 | D:2      | Noticed Jessica
  1240 | D:2      | Killed Jessica
  1240 | D:2      | Reached skill level 5 in Maces & Flails
  1332 | D:2      | Found an ancient bone altar of Kikubaaqudgha.
  1689 | D:2      | Found an iron altar of Okawaru.
  1691 | D:2      | Found a radiant altar of Vehumet.
  1951 | D:2      | Became a worshipper of Warmaster Okawaru
  1959 | D:3      | Noticed Sigmund
  1962 | D:3      | Killed Sigmund
  1962 | D:3      | Reached skill level 7 in Maces & Flails
  1962 | D:3      | Reached XP level 5. HP: 50/50 MP: 5/5
  2218 | D:3      | Reached XP level 6. HP: 61/61 MP: 6/6
  2529 | D:4      | Found Xeesacekk's Assorted Antiques.
  2611 | D:4      | Gained mutation: You are covered in fur (AC +1). [potion of beneficial mutation]
  2615 | D:4      | Bought a fizzy orange potion for 20 gold pieces
  2615 | D:4      | Bought a bubbling brown potion for 20 gold pieces
  2615 | D:4      | Bought a white potion for 20 gold pieces
  3043 | D:4      | Reached skill level 8 in Maces & Flails
  3225 | D:4      | Acquired Okawaru's first power
  3225 | D:4      | Reached skill level 5 in Fighting
  3225 | D:4      | Reached XP level 7. HP: 16/72 MP: 7/7
  3751 | D:5      | Entered Level 5 of the Dungeon
  3822 | D:5      | Slain by an orc priest

Action                   |  1- 3 |  4- 6 |  7- 9 || total
-------------------------+-------+-------+-------++-------
Melee: Club              |    84 |    97 |       ||   181
       Whip              |       |   116 |    42 ||   158
Throw: Stone             |     5 |    29 |     1 ||    35
       Large rock        |     6 |    29 |       ||    35
       Throwing net      |       |     2 |       ||     2
  Use: Scroll            |     2 |     5 |     1 ||     8
       Potion            |       |     1 |       ||     1
  Eat: Chunk             |     1 |     6 |     1 ||     8
